 Dungeon Crawl Stone Soup version 0.31-a0-441-g867994ef1c (webtiles) character file.

Game seed: 5184074433391802341

101599 Newt the Spear-Bearer (level 16, -1/114 HPs)
             Began as a Merfolk Gladiator on Aug 2, 2023.
             Was the Champion of Hepliaklqana.
             Hit by a javelin thrown by a minotaur (37 damage)
             ... in a Gauntlet.
             The game lasted 00:51:58 (27702 turns).

Newt the Spear-Bearer (Merfolk Gladiator)          Turns: 27702, Time: 00:52:00

Health: -1/114     AC:  9    Str: 18    XL:     16   Next: 31%
Magic:  39/42      EV: 21    Int: 19    God:    Hepliaklqana [******]
Gold:   885        SH:  0    Dex: 26    Spells: 15/30 levels left

rFire   . . .        W - +6 Majin-Bo {spellvamp, MP+6 Int+6}
rCold   + + .        (no shield)
rNeg    . . .        V - +0 troll leather armour
rPois   .            Q - +0 helmet {Int+3}
rElec   .            S - +0 cloak
rCorr   .            g - +2 pair of gloves {Dex+3}
SInv    .            (no boots)
Will    ++...        t - amulet "Cyguger" {Regen+ Dex+3}
Stlth   ++           X - ring "Wiycvoz" {rC+ Will+ MP+9 Dex+3}
HPRegen 2.79/turn    w - ring "Giudd" {rC+ Dex+6}
MPRegen 0.28/turn

%: no teleportation
@: no status effects
A: reduced essence, (nimble swimmer 2), mertail, clumsy 2, regeneration 1, weak
1, no potion heal 1
a: Renounce Religion, Recall Ancestor, Ancestor Identity, Transference, Idealise


You were in a Gauntlet.
You worshipped Hepliaklqana.
Hepliaklqana was exalted by your worship.
You visited 5 branches of the dungeon, and saw 24 of its levels.
You also visited: Ossuary, Bailey and Gauntlet.

You collected 2313 gold pieces.
You spent 1428 gold pieces at shops.

Inventory:

Hand Weapons
 H - a +3 spear of venom
 W - the +6 Majin-Bo (weapon) {spellvamp, MP+6 Int+6}
   (You acquired it on level 12 of the Dungeon)

   Int:       It affects your intelligence (+6).
   MP:        It affects your magic capacity (+6).
Missiles
 i - 5 silver javelins
 o - 39 boomerangs
 G - 6 throwing nets
Armour
 g - a +2 pair of gloves of dexterity (worn)
 p - an orb of guile
 Q - a +0 helmet of intelligence (worn)
 S - a +0 cloak (worn)
 V - a +0 troll leather armour (worn)
Jewellery
 a - a ring of willpower
 b - a ring of protection from cold
 c - a ring of resist corrosion
 h - an amulet of guardian spirit
 j - a ring of protection from cold
 m - a ring of protection from fire
 t - the amulet "Cyguger" (around neck) {Regen+ Dex+3}
   (You found it in a Gauntlet)

   [amulet of regeneration]

   Dex:       It affects your dexterity (+3).
   Regen:     It increases your rate of health regeneration.
 v - a ring of protection from fire
 w - the ring "Giudd" (right hand) {rC+ Dex+6}
   (You found it on level 7 of the Dungeon)

   [ring of dexterity]

   Dex:       It affects your dexterity (+6).
   rC:        It protects you from cold.
 B - a ring of flight
 K - a ring of protection from fire
 O - an amulet of faith
 P - an amulet of the acrobat
 R - a ring of see invisible
 X - the ring "Wiycvoz" (left hand) {rC+ Will+ MP+9 Dex+3}
   (You found it on level 12 of the Dungeon)

   [ring of magical power]

   Dex:       It affects your dexterity (+3).
   rC:        It protects you from cold.
   MP:        It affects your magic capacity (+9).
   Will:      It increases your willpower.
Wands
 e - a wand of digging (5)
 l - a wand of mindburst (23)
 r - a wand of iceblast (14)
 C - a wand of paralysis (3)
Scrolls
 d - 9 scrolls of teleportation
 k - 2 scrolls of vulnerability
 s - 2 scrolls of fear
 u - a scroll of amnesia
 E - 6 scrolls of identify
 F - 6 scrolls of enchant armour
 J - 2 scrolls of blinking
 L - a scroll of summoning
 M - a scroll of enchant weapon
 T - a scroll of brand weapon
Potions
 f - 2 potions of brilliance
 n - 3 potions of enlightenment
 q - 2 potions of cancellation
 x - 3 potions of resistance
 z - 3 potions of magic
 A - a potion of curing
 D - 3 potions of attraction
 I - 7 potions of haste
 U - 2 potions of ambrosia
 Y - a potion of heal wounds
 Z - a potion of berserk rage
Miscellaneous
 y - a tin of tremorstones (2/2)


   Skills:
 - Level 12.0 Fighting
 - Level 14.0(17.0) Polearms
 - Level 10.5(12.0) Staves
 - Level 2.0 Throwing
 - Level 10.0 Dodging
 - Level 6.0 Shields
 + Level 7.6 Spellcasting
 - Level 9.0 Conjurations
 + Level 9.5 Ice Magic
 - Level 9.0 Invocations
 - Level 9.0 Evocations


You had 15 spell levels left.
You knew the following spells:

 Your Spells              Type           Power      Damage    Failure   Level
a - Hailstorm             Conj/Ice       42%        3d10      1%          3
b - Freezing Cloud        Conj/Ice/Air   15%        6-21      24%         5
c - Ozocubu's Armour      Ice            43%        N/A       1%          3
d - Summon Ice Beast      Ice/Summ       25%        N/A       16%         4

Your spell library contained the following spells:

 Spells                   Type           Power      Damage    Failure   Level
 Shock                    Conj/Air       96%        1d9       1%          1
 Apportation              Tloc           14%        N/A       12%         1
 Necrotise                Necr           28%        1d5       12%         1
 Summon Small Mammal      Summ           28%        N/A       12%         1
 Cigotuvi's Dreadful Rot  Necr/Pois/Air  14%        N/A       17%         2
 Iskenderun's Mystic Bla  Conj/Tloc      24%        2d7       17%         4
 Call Canine Familiar     Summ           7%         N/A       34%         3
 Ignite Poison            Fire/Tmut/Pois 7%         N/A       34%         3
 Inner Flame              Hex/Fire       7%         N/A       34%         3
 Portal Projectile        Hex/Tloc       14%        N/A       34%         3
 Swiftness                Air            7%         N/A       34%         3
 Tukima's Dance           Hex            7%         N/A       34%         3
 Vampiric Draining        Necr           7%         2d6       34%         3
 Vhi's Electric Charge    Tloc/Air       14%        N/A       34%         3
 Arcjolt                  Conj/Air       12%        1d22      43%         5
 Airstrike                Air            3%         2d(1-17)  75%         4
 Ozocubu's Refrigeration  Ice            21%        4d12      88%         7
 Simulacrum               Ice/Necr       12%        N/A       94%         6
 Agony                    Necr           7%         N/A       97%         5
 Alistair's Intoxication  Tmut/Pois      4%         N/A       97%         5
 Summon Forest            Summ/Tloc      3%         N/A       97%         5
 Yara's Violent Unravell  Hex/Tmut       3%         3d4       97%         5
 Enfeeble                 Hex            3%         N/A       100%        7
 Maxwell's Capacitive Co  Air            3%         ∞         100%        8
 Polar Vortex             Ice            21%        12d2*     100%        9


Dungeon Overview and Level Annotations

Branches:
Dungeon (15/15)            Temple (1/1) D:4            Lair (5/5) D:8
  Swamp (1/4) Lair:2       Spider (0/4) Lair:3        Slime (0/5) Lair:5
    Orc (2/2) D:9             Elf (0/3) Orc:2        Vaults (0/5) D:14
 Depths (0/4) D:15        Ossuary (visited)          Bailey (visited)
Gauntlet (1/1)

Altars:
Ashenzari
Cheibriados
Dithmenos
Elyvilon
Fedhas
Gozag
Hepliaklqana
Kikubaaqudgha
Makhleb
Nemelex Xobeh
Okawaru
Qazlal
Ru
Sif Muna
Trog
Uskayaw
Vehumet
Wu Jian
Xom
Yredelemnul
Zin
The Shining One
Lugonu

Shops:
D:7 :   D:9 ?   D:10 (*(!   Orc:2 ?*?[(

Portals:
Abyss: Lair:5
Trove: D:10 (show slimy rune of Zot)

Annotations:
D:4 3 runed translucent doors, quinnr's ghost, novice TeAE
D:9 3 runed translucent doors
D:10 2 transporters, lessens's ghost, journeyman DsFi Gauntlet 6 transporters


Innate Abilities, Weirdness & Mutations

Your life essence is reduced to manifest your ancestor. (-10% HP)
((You are very nimble when in or above water. (Stealth+, EV+, Speed+++)))
Your lower body shifts to a powerful aquatic tail in water.
You are very clumsy. (Dex -4)
Your natural rate of healing is unusually fast.
You are weak. (Str -2)
Potions are less effective at restoring your health.


Message History

That beam is likely to hit you.
Continue anyway?
Okay, then.
Unknown command.
Unknown command.
Casting: Freezing Cloud (dangerous; 24% risk of failure)
Confirm with . or Enter, or press ? or * to list all spells.
Aiming: Freezing Cloud (dangerous; 24% risk of failure)
Press: ? - help, Dir - move target That beam is likely to hit you.
Continue anyway?
You are engulfed in freezing vapours.
You resist.
The minotaur is engulfed in freezing vapours.
The minotaur throws a javelin.
The javelin barely misses you.
Unknown command.
You barely miss the minotaur.
The minotaur furiously retaliates!
The minotaur headbutts you!!
The minotaur is lightly wounded.
The minotaur is engulfed in freezing vapours.
The minotaur hits you with a +1 lajatang of electrocution!!!
You are electrocuted!!
The minotaur gores you.
* * * LOW HITPOINT WARNING * * *
Agathoclea hits the minotaur with a +0 broad axe of flaming!
Agathoclea burns the minotaur.
The minotaur is engulfed in freezing vapours.
Unknown command.
Aiming: Paralyse
Press: ? - help, Shift-Dir - straight line, f - minotaur
Aim: a minotaur, wielding a +1 lajatang of electrocution, wearing a +0 plate armour, wearing the ring of Etosip {rCorr Str+2} and quivering javelins (heavily wounded, ally target, chance to affect: 9%)
Okay, then.
Okay, then.
Aiming: Bolt of Light
Press: ? - help, Shift-Dir - straight line, f - minotaur
Aim: a minotaur, wielding a +1 lajatang of electrocution, wearing a +0 plate armour, wearing the ring of Etosip {rCorr Str+2} and quivering javelins (heavily wounded, ally target, 88% to hit)
The bolt of light hits the minotaur!!
The minotaur is almost dead.
The minotaur is blinded.
Agathoclea avoids your attack.
The now-empty wand crumbles to dust.
Agathoclea hits the minotaur with a +0 broad axe of flaming.
Agathoclea burns the minotaur.
The minotaur throws a javelin.
The javelin pierces through you!!!
You die...

.#≈8§# .#...#
.#.8.# ###
.#...### ..#
.#.8.#.# ###.#
.#...#.# ..#.#
.#...#.# #H#.#
≈#.©.#.# #.#.#
∩#.....# #.#@#
≈#.©.#.# #.#H#
.#...#.# #.§R#
.#...#.# #...○#.#
.#.8.#.#....####.#
.#...#.######....#
.#.8.#........####
.#...##########
.#≈8≈#


You could see the friendly Agathoclea the knight and a minotaur (blind, ally
target).

Vanquished Creatures
  Gastronok (D:12)
  Aizul (Swamp:1)
  Kirke (D:13)
  The ghost of epsilonplus the Spear-Bearer, a journeyman DrSh of Cheibriados (Orc:2)
  A bunyip (Swamp:1)
  An ettin (D:12)
  A catoblepas (Lair:3)
  4 hydras
  A hell hog (Gauntlet)
  4 two-headed ogres
  2 centaur warriors
  3 boulder beetles
  4 tengu warriors
  An orc high priest (Orc:1)
  2 thrashing horrors (Lair:5)
  The ghost of avis the Cleaver, a novice HOMo of Beogh (D:7)
  A skyshark (shapeshifter) (Lair:5)
  A goliath frog (Swamp:1)
  The ghost of MrMonkeyMan the Destroyer, a novice DrCj of Vehumet (D:7)
  A skeletal warrior (D:12)
  A swamp dragon (Swamp:1)
  Pikel (D:4)
  2 necromancers (D:14)
  An oklob plant (D:11)
  3 lindwurms (Lair:2)
  4 orc knights
  A deep elf pyromancer (D:12)
  A mana viper (shapeshifter) (Lair:5)
  A wizard (D:12)
  6 orc sorcerers
  4 manticores
  9 ugly things
  4 cyclopes (D:12)
  A large abomination (Lair:5)
  7 black mambas
  An apocalypse crab (Gauntlet)
  8 cane toads
  A torpor snail (Lair:3)
  3 gargoyles
  An unseen horror (D:12)
  5 komodo dragons
  Psyche (D:12)
  A yaktaur (D:12)
  2 tengu conjurers
  3 kobold demonologists
  An efreet (D:13)
  5 trolls
  A queen bee (D:12)
  2 hornets
  20 blink frogs
  A raiju (Lair:5)
  A tyrant leech (Lair:2)
  3 dream sheep (Lair:3)
  A centaur simulacrum (D:14)
  A water elemental (D:12)
  Sigmund (D:5)
  A ynoxinul (Lair:5)
  6 slime creatures
  2 fire bats (Gauntlet)
  A spriggan (Swamp:1)
  3 wyverns
  43 yaks
  5 hogs (D:13)
  3 wraiths
  6 basilisks
  Eustachio (D:5)
  10 vampire mosquitoes
  A steam dragon (Lair:4)
  A chaos spawn (Lair:5)
  6 small abominations (Lair:5)
  A swamp worm (Swamp:1)
  An acid dragon (D:12)
  3 hell hounds (Gauntlet)
  13 water moccasins
  18 orc warriors
  3 sky beasts (D:8)
  A swamp drake (Lair:2)
  3 black bears
  An ice beast (D:6)
  7 wolves
  4 ogres
  16 centaurs
  A phantom (D:6)
  17 bullfrogs
  3 gnoll sergeants
  4 kobold brigands
  4 scorpions
  2 water moccasin zombies (Ossuary)
  8 wights
  27 killer bees
  An oklob sapling (D:11)
  2 howler monkeys (D:10)
  4 electric eels
  A lava snake (Lair:3)
  10 hounds
  An iron imp (D:7)
  3 jellies
  4 gnoll boudas
  15 orc priests
  A sleepcap (D:6)
  2 iguanas (D:7)
  13 orc wizards
  2 mummies (Ossuary)
  25 gnolls
  8 adders
  A white imp (D:7)
  3 adder zombies (Ossuary)
  2 worms
  2 dart slugs
  68 orcs
  9 bats
  5 endoplasms
  3 giant cockroaches
  A gnoll zombie (Ossuary)
  12 goblins
  10 hobgoblins
  10 jackals
  2 quokkas (D:3)
  16 ball pythons
  6 frilled lizards
  5 hobgoblin zombies (Ossuary)
  14 kobolds
  3 kobold zombies (Ossuary)
  8 orc zombies (Ossuary)
  5 rats
  2 rat zombies (D:8)
647 creatures vanquished.

Vanquished Creatures (collateral kills)
  An ettin (D:15)
  2 hydras (Swamp:1)
  A centaur warrior (D:8)
  3 two-headed ogres
  A boulder beetle (Lair:4)
  A tengu warrior (D:15)
  An orc high priest (Orc:2)
  Sonja (D:12)
  The ghost of MrMonkeyMan the Reanimator, a novice DsNe of Makhleb (D:7)
  A necromancer (D:15)
  A lindwurm (Lair:2)
  An orc knight (D:15)
  An orc sorcerer (Orc:2)
  8 ugly things
  2 smoke demons (Lair:5)
  A gargoyle (D:12)
  A cane toad (Lair:3)
  An unseen horror (D:13)
  3 komodo dragons
  A tengu conjurer (Gauntlet)
  A bloated husk (Swamp:1)
  5 trolls
  A hornet (D:11)
  A raiju (Lair:5)
  3 blink frogs
  A dream sheep (Lair:3)
  A slime creature (D:13)
  A ynoxinul (Lair:5)
  A wraith (D:8)
  3 shadows
  11 yaks
  A hog (D:13)
  Grum (D:9)
  A steam dragon (Lair:2)
  A vampire mosquito (D:11)
  2 wargs (Orc:2)
  An acid dragon (D:11)
  4 water moccasins
  An ice beast (shapeshifter) (D:13)
  11 orc warriors
  3 wolves
  9 centaurs
  3 small abominations (Lair:5)
  A kobold brigand (D:8)
  A bullfrog (Lair:3)
  A gnoll sergeant (D:9)
  2 wights (D:7)
  A water moccasin zombie (Ossuary)
  Dowan (D:5)
  5 killer bees
  3 electric eels
  A howler monkey (D:10)
  A hound (D:9)
  3 orc priests
  5 orc wizards
  9 gnolls
  2 adders
  A shadow imp (D:8)
  2 adder zombies (Ossuary)
  17 orcs
  2 gnoll zombies (Ossuary)
  2 hobgoblin zombies (Ossuary)
  A kobold (D:10)
  2 kobold zombies (Ossuary)
  An orc zombie (Ossuary)
164 creatures vanquished.

Vanquished Creatures (others)
  An orc high priest (Orc:2)
  A bloated husk (Swamp:1)
  Duvessa (D:5)
  A lava snake (Lair:3)
  15 knights
  An ancestor (D:7)
  An orc (Bailey)
  A jackal (D:9)
22 creatures vanquished.

Grand Total: 833 creatures vanquished

Notes
Turn   | Place    | Note
-------+----------+-------------------------------------------
     0 | D:1      | Newt the Merfolk Gladiator began the quest for the Orb.
     0 | D:1      | Reached XP level 1. HP: 16/16 MP: 1/1
   134 | D:1      | Reached XP level 2. HP: 23/23 MP: 2/2
   344 | D:1      | Reached XP level 3. HP: 27/30 MP: 1/3
   985 | D:2      | Found a faded altar of an unknown god.
  1046 | D:2      | Reached XP level 4. HP: 36/38 MP: 4/4
  1084 | D:2      | Reached skill level 5 in Fighting
  1630 | D:3      | Reached XP level 5. HP: 44/44 MP: 5/5
  1651 | D:3      | Reached skill level 5 in Polearms
  2459 | D:4      | Reached skill level 6 in Polearms
  2459 | D:4      | Reached XP level 6. HP: 7/51 MP: 2/6
  2729 | D:4      | Found a runed translucent gate.
  2729 | D:4      | Found a runed translucent gate.
  2729 | D:4      | Found a runed translucent gate.
  2730 | D:4      | Found an opulent altar of Gozag.
  2731 | D:4      | Noticed quinnr's ghost (novice TeAE)
  2822 | D:4      | Reached skill level 7 in Polearms
  2896 | D:4      | Noticed Pikel
  2916 | D:4      | HP: 2/51 [Pikel/+1 whip of freezing (1)]
  2929 | D:4      | Killed Pikel
  2930 | D:4      | Reached skill level 10 in Polearms
  2930 | D:4      | Reached skill level 5 in Dodging
  2930 | D:4      | Reached XP level 7. HP: 12/56 MP: 0/7
  2993 | D:4      | Reached XP level 8. HP: 25/62 MP: 4/8
  3138 | D:4      | Found a staircase to the Ecumenical Temple.
  3185 | Temple   | Entered the Ecumenical Temple
  3205 | Temple   | Became a worshipper of Hepliaklqana the Forgotten
  3596 | D:5      | Entered Level 5 of the Dungeon
  3670 | D:5      | Identified the +1 dagger of Rupon {freeze, rPois Will+
                  | Str+4 Int-5}
  3700 | D:5      | Noticed Eustachio
  3700 | D:5      | Noticed Dowan
  3701 | D:5      | Noticed Duvessa
  3716 | D:5      | Killed Dowan
  3716 | D:5      | Killed Duvessa
  3745 | D:5      | Killed Eustachio
  3792 | D:5      | Noticed Sigmund
  4613 | D:5      | Killed Sigmund
  5159 | D:6      | Reached XP level 9. HP: 52/74 MP: 7/9
  5198 | D:6      | Reached skill level 11 in Polearms
  5818 | D:6      | Reached skill level 12 in Polearms
  6007 | D:6      | Reached * piety under Hepliaklqana
  6132 | D:7      | Found a runed translucent gate.
  6132 | D:7      | Found a runed translucent gate.
  6133 | D:7      | Found a runed translucent gate.
  6136 | D:7      | Noticed MrMonkeyMan's ghost (novice DrCj)
  6136 | D:7      | Noticed MrMonkeyMan's ghost (novice DsNe)
  6136 | D:7      | Noticed avis's ghost (novice HOMo)
  6157 | D:7      | Found a snail-covered altar of Cheibriados.
  6371 | D:7      | Reached skill level 13 in Polearms
  6594 | D:7      | Reached skill level 14 in Polearms
  6633 | D:7      | Reached skill level 1 in Shields
  6836 | D:7      | Reached XP level 10. HP: 68/71 MP: 8/10
  6956 | D:7      | Found Kyoggong's Book Shop.
  6969 | D:7      | Reached ** piety under Hepliaklqana
  6970 | D:7      | Remembered your ancestor Agathoclea as a knight
  7112 | D:7      | Killed MrMonkeyMan's ghost
  7113 | D:7      | Reached skill level 5 in Shields
  7125 | D:7      | Killed avis's ghost
  7137 | D:7      | Killed MrMonkeyMan's ghost
  7254 | D:7      | Identified the ring "Giudd" {rC+ Dex+6}
  7323 | D:8      | Found a sand-covered staircase.
  7330 | Ossuary  | Entered an ossuary
  7665 | D:8      | Found a flagged portal.
  7677 | D:8      | Reached skill level 10 in Dodging
  7685 | Bailey   | Entered a bailey
  8103 | Bailey   | Reached XP level 11. HP: 54/81 MP: 7/11
  8137 | Bailey   | Reached skill level 10 in Fighting
  8969 | D:8      | Reached *** piety under Hepliaklqana
  9020 | D:8      | Found an opulent altar of Gozag.
  9020 | D:8      | Found a glowing golden altar of the Shining One.
  9257 | D:8      | Noticed a centaur warrior
  9258 | D:8      | Noticed a two-headed ogre
  9766 | D:8      | Killed a two-headed ogre
  9805 | D:8      | Killed a centaur warrior
  9806 | D:8      | Reached skill level 1 in Evocations
  9970 | D:8      | Found a staircase to the Lair.
 10074 | D:9      | Found a staircase to the Orcish Mines.
 10107 | D:9      | Found a runed translucent gate.
 10118 | D:9      | Found a runed translucent gate.
 10119 | D:9      | Found a runed translucent gate.
 10119 | D:9      | Noticed a red ugly thing
 10121 | D:9      | Noticed a red ugly thing
 10121 | D:9      | Noticed a cyan ugly thing
 10121 | D:9      | Noticed a purple ugly thing
 10124 | D:9      | Noticed a red ugly thing
 10279 | D:9      | Found Veemoam's Magic Scroll Shop.
 10288 | D:9      | Bought a scroll of identify for 30 gold pieces
 10288 | D:9      | Bought a scroll of identify for 30 gold pieces
 10439 | D:9      | Gained mutation: You are dopey. (Int -2) [a neqoxec]
 10928 | D:9      | Found a faded altar of an unknown god.
 10928 | D:9      | Found a faded altar of an unknown god.
 10936 | D:9      | Found a shadowy altar of Dithmenos.
 10938 | D:9      | Found a stormy altar of Qazlal.
 10974 | D:9      | Reached skill level 5 in Evocations
 10982 | D:9      | Found a white marble altar of Elyvilon.
 11210 | D:9      | Noticed Grum
 11228 | D:9      | Killed Grum
 11349 | D:10     | Entered Level 10 of the Dungeon
 11417 | D:10     | Found Xijahuf's Weapon Emporium.
 11441 | D:10     | Noticed a two-headed ogre
 11462 | D:10     | Killed a two-headed ogre
 11529 | D:10     | Found Imeuc's Distillery.
 11571 | D:10     | Found Roeskenu's General Store.
 11620 | D:10     | Found Becrap's Distillery.
 11629 | D:10     | Bought 2 potions of haste for 260 gold pieces
 11629 | D:10     | Bought a potion of heal wounds for 65 gold pieces
 11640 | D:10     | Noticed lessens's ghost (journeyman DsFi)
 11654 | D:10     | Reached XP level 12. HP: 91/91 MP: 12/12
 11656 | D:10     | Identified the +9 falchion of Famine {flame, rN+}
 11666 | D:10     | Found a transporter.
 11671 | D:10     | Found a transporter.
 11709 | D:10     | Reached **** piety under Hepliaklqana
 12110 | D:10     | Found a portal to a secret trove of treasure.
 12199 | D:10     | Found Xaod Miu's Antique Weapon Shoppe.
 12244 | D:10     | Bought a scroll of enchant weapon for 97 gold pieces
 12690 | D:11     | Reached skill level 1 in Invocations
 13023 | D:11     | Lost mutation: You are dopey. (Int -2) [potion of mutation]
 13023 | D:11     | Gained mutation: Armour fits poorly on your strangely
                  | shaped body. [potion of mutation]
 13023 | D:11     | Gained mutation: Potions are less effective at restoring
                  | your health. [potion of mutation]
 13023 | D:11     | Gained mutation: Your spells are a little harder to cast,
                  | but a little more powerful. [potion of mutation]
 13024 | D:11     | Lost mutation: Your spells are a little harder to cast, but
                  | a little more powerful. [potion of mutation]
 13024 | D:11     | Lost mutation: Armour fits poorly on your strangely shaped
                  | body. [potion of mutation]
 13024 | D:11     | Gained mutation: Potions cannot restore your health.
                  | [potion of mutation]
 13024 | D:11     | Gained mutation: You are vulnerable to cold. (rC-) [potion
                  | of mutation]
 13024 | D:11     | Gained mutation: You have a somewhat thin skeletal
                  | structure. (Dex +2, Stealth+) [potion of mutation]
 13025 | D:11     | Lost mutation: You have a somewhat thin skeletal structure.
                  | (Dex +2, Stealth+) [potion of mutation]
 13025 | D:11     | Lost mutation: You are vulnerable to cold. (rC-) [potion of
                  | mutation]
 13025 | D:11     | Lost mutation: Potions cannot restore your health. [potion
                  | of mutation]
 13025 | D:11     | Gained mutation: Your natural rate of healing is unusually
                  | fast. [potion of mutation]
 13025 | D:11     | Gained mutation: You have hidden genetic defects. [potion
                  | of mutation]
 13259 | D:11     | Reached skill level 5 in Invocations
 13344 | D:11     | Got Vimpanal's Precepts of Nature
 13772 | D:12     | Noticed Psyche
 13780 | D:12     | Killed Psyche
 13784 | D:12     | Gained mutation: You are clumsy. (Dex -2) [hidden defects]
 14008 | D:12     | Noticed a centaur warrior
 14029 | D:12     | Killed a centaur warrior
 14042 | D:12     | Reached skill level 1 in Spellcasting
 14054 | D:12     | Noticed a two-headed ogre
 14078 | D:12     | Gained mutation: You are weak. (Str -2) [hidden defects]
 14078 | D:12     | Lost mutation: You have hidden genetic defects. [hidden
                  | defects expressed]
 14079 | D:12     | Reached XP level 13. HP: 69/97 MP: 11/19
 14329 | D:12     | Reached skill level 5 in Spellcasting
 14955 | D:12     | Noticed an ettin
 14974 | D:12     | Killed an ettin
 15019 | D:12     | Identified the ring "Wiycvoz" {rC+ Will+ MP+9 Dex+3}
 15025 | D:12     | Identified a scroll of acquirement
 15026 | D:12     | Acquired the +6 Majin-Bo {spellvamp, MP+6 Int+6}
 15026 | D:12     | Found the +6 Majin-Bo {spellvamp, MP+6 Int+6}
 15118 | D:12     | Reached skill level 1 in Staves
 15390 | D:12     | Noticed Gastronok
 15411 | D:12     | Killed Gastronok
 15503 | D:12     | Noticed Sonja
 15526 | D:12     | Killed Sonja
 15864 | Lair:1   | Entered Level 1 of the Lair of Beasts
 15874 | Lair:1   | Reached skill level 5 in Staves
 16116 | Lair:1   | Reached ***** piety under Hepliaklqana
 16801 | Lair:2   | Reached XP level 14. HP: 103/103 MP: 24/24
 17151 | Lair:2   | Found a staircase to the Swamp.
 17877 | Lair:3   | Found a hole to the Spider Nest.
 18971 | Lair:4   | Reached skill level 10 in Staves
 19200 | Lair:4   | Identified the +1 hand axe "Monudd" {flame, Will++}
 19349 | Lair:4   | Reached skill level 1 in Ice Magic
 19907 | Lair:5   | Entered Level 5 of the Lair of Beasts
 20106 | Lair:5   | Reached ****** piety under Hepliaklqana
 20198 | Lair:5   | Learned a level 3 spell: Hailstorm
 20276 | Lair:5   | Reached skill level 5 in Ice Magic
 20402 | Lair:5   | Identified the +6 chain mail of Contumacious Birdsong
                  | {rCorr}
 20478 | Lair:5   | Reached XP level 15. HP: 107/108 MP: 25/25
 20556 | Lair:5   | Found a corrupted altar of Lugonu.
 20556 | Lair:5   | Found a one-way gate to the infinite horrors of the Abyss.
 21020 | Lair:5   | Found a staircase to the Slime Pits.
 21453 | D:7      | Bought Ozocubu's Autobiography for 288 gold pieces
 21453 | D:7      | Bought a Trismegistus Codex for 312 gold pieces
 21459 | D:7      | Learned a level 5 spell: Freezing Cloud
 21463 | D:7      | Learned a level 3 spell: Ozocubu's Armour
 21468 | D:7      | Learned a level 4 spell: Summon Ice Beast
 21991 | Orc:1    | Entered Level 1 of the Orcish Mines
 22012 | Orc:1    | Reached skill level 1 in Conjurations
 22263 | Orc:2    | Entered Level 2 of the Orcish Mines
 22414 | Orc:2    | Found a staircase to the Elven Halls.
 22451 | Orc:2    | Found a runed translucent door.
 22455 | Orc:2    | Noticed epsilonplus's ghost (journeyman DrSh)
 22468 | Orc:2    | Found Miriki's Weapon Shop.
 22953 | Orc:2    | Gained mutation: You are very clumsy. (Dex -4) [a neqoxec]
 23234 | Orc:2    | Found Egonimudd's Armour Boutique.
 23234 | Orc:2    | Found Adie's Magic Scroll Boutique.
 23235 | Orc:2    | Found Sahoh's Magic Scroll Shoppe.
 23235 | Orc:2    | Found Daor Ysheu's Assorted Antiques.
 23298 | Orc:2    | Bought a scroll of blinking for 90 gold pieces
 23298 | Orc:2    | Bought a scroll of teleportation for 36 gold pieces
 23308 | Orc:2    | Bought a scroll of enchant armour for 97 gold pieces
 23308 | Orc:2    | Bought a scroll of torment for 123 gold pieces
 23392 | Orc:2    | Reached skill level 5 in Conjurations
 23550 | Orc:2    | Killed epsilonplus's ghost
 23705 | Orc:2    | Got the Folio of the Well-Known Lives
 23844 | Swamp:1  | Entered Level 1 of the Swamp
 23853 | Swamp:1  | Noticed Aizul
 24299 | Swamp:1  | Killed Aizul
 25048 | D:13     | Noticed Kirke
 25057 | D:13     | Killed Kirke
 26209 | D:14     | Reached XP level 16. HP: 114/114 MP: 26/26
 26472 | D:14     | Identified the +4 falchion of Hell's Wrath {flame, *Rage
                  | Str+5 Int+3 Dex+3}
 26692 | D:14     | Found a gate to the Vaults.
 27025 | D:15     | Entered Level 15 of the Dungeon
 27302 | D:15     | Found a gate leading to a gauntlet.
 27311 | Gauntlet | Entered a Gauntlet
 27311 | Gauntlet | Found a transporter.
 27311 | Gauntlet | Found a transporter.
 27311 | Gauntlet | Found a transporter.
 27312 | Gauntlet | Found a transporter.
 27315 | Gauntlet | Found a transporter.
 27315 | Gauntlet | Found a transporter.
 27327 | Gauntlet | Found a transporter.
 27329 | Gauntlet | Found a transporter.
 27344 | Gauntlet | Found a transporter.
 27345 | Gauntlet | Found a transporter.
 27363 | Gauntlet | Found a transporter.
 27367 | Gauntlet | Found a transporter.
 27600 | Gauntlet | Identified the amulet "Cyguger" {Regen+ Dex+3}
 27693 | Gauntlet | Identified the ring of Etosip {rCorr Str+2}
 27702 | Gauntlet | Hit by a javelin thrown by a minotaur

Illustrated notes

Levels and vault maps discovered:
D:1:      sevenhm_arrival_forest_fort_large_2, layout_basic
D:2:      layout_loops_cross, hellmonk_ecumenical_altar_lost_god
D:3:      layout_rooms, minmay_misc_feat_columns
D:4:      layout_basic, minmay_temple_entry_gardened_gates, ebering_ghost_gozag,
          uniq_pikel
D:5:      layout_basic, serial_rivers, chequers_serial_rivers_micro_a,
          chequers_serial_rivers_room_b, chequers_serial_rivers_large_a,
          chequers_serial_rivers_room_a, chequers_serial_rivers_small_b,
          uniq_sigmund, uniq_eustachio, uniq_duvessa
D:6:      layout_rooms, st_stairs_5, minmay_misc_feat_chi
D:7:      layout_loops_ring, slow_altar_1, serial_shops, nicolae_diamond_shop,
          gammafunk_ghost_cemetery
D:8:      wad_guarded_room, layout_cave_pods,
          gammafunk_temple_overflow_elements, lair_entry_dummy, enter_ossuary_4,
          enter_bailey_4, hangedman_decor_peaks_small, skrybe_limestone_x
D:9:      layout_cave_pools, chequers_temple_overflow_minitemple, orc_david_3,
          serial_gnoll_camp, gnoll_camp_huts_moat, gnoll_camp_mini_hut,
          gnoll_camp_mini_shop, grums_kennel,
          ploomutoo_gammafunk_ghost_potion_laboratory
D:10:     layout_loops_ring, gammafunk_ghost_hive, serial_shops, shop,
          nicolae_shop_tiny_glass, nicolae_shop_temple_entry_statues_fountains,
          shop, nicolae_shop_tiny_statue_garden, trove_entry_hex_spiral,
          statue_in_the_mist_lemuel
D:11:     layout_cave_pools, introduction_to_nature_2
D:12:     regret_index_tunnel_blossom, layout_basic, serial_glass,
          glass_columns_a, glass_columns_c, evilmike_minifort, uniq_sonja,
          uniq_psyche, uniq_gastronok
D:13:     layout_gridville, uniq_kirke
D:14:     layout_loops_ring, david_vaults_1, chequers_serial_rivers_room_a
D:15:     hangedman_depths_entry_civil_slaughter, layout_irregular_city,
          grunt_decor_cap, gauntlet_entry_generic, dispersion_dpeg
Temple:   lightli_temple_of_artemis
Lair:1:   layout_gridlike, disabler_island
Lair:2:   layout_chaotic_city, minmay_swamp_entry_reptiles,
          minmay_lindwurm_lava, infiniplex_staircase_pool
Lair:3:   layout_roguey, dummy_spider_entry, nicolae_lair_liquid_snakes
Lair:4:   beast_lair_carwin_large_1, layout_regular_city,
          chequers_serial_rivers_large_b
Lair:5:   hellmonk_lair_end_abyssal_woods, layout_cave_shapes, slime_entry_1,
          lemuel_fruit_tree
Swamp:1:  nicolae_swamp_decorative_isthmus, layout_basic_swamp,
          nicolae_swamp_little_swirl, uniq_aizul
Orc:1:    layout_caves
Orc:2:    st_orc_elflike, layout_caves, ebering_ghost_reflecting_pool,
          serial_shops, shop
Gauntlet: gammafunk_gauntlet_hard_choice [gammafunk_gauntlet_arena_open,
          nicolae_gauntlet_arena_blocks, nicolae_gauntlet_swirl,
          gammafunk_gauntlet_arena_arrow_garden,
          gammafunk_gauntlet_arena_chambers, gammafunk_gauntlet_arena_teeth,
          dreamdust_gauntlet_exit_labyrinth]

Skill      XL: |  1  2  3  4  5  6  7  8  9 10 11 12 13 14 15 16 |
---------------+-------------------------------------------------+-----
Fighting       | 3 4 5 8 9 12 | 12.0
Polearms       | 6 10 14 | 14.0
Dodging        | 5 7 10 | 10.0
Shields        | 3 6 |  6.0
Evocations     | 6 9 |  9.0
Invocations    | 9 |  9.0
Spellcasting   | 2 6 7 |  7.6
Staves         | 6 10 | 10.5
Ice Magic      | 6 8 9 |  9.5
Conjurations   | 8 9 |  9.0
Throwing       | |  2.0

Action                     |  1- 3 |  4- 6 |  7- 9 | 10-12 | 13-15 | 16-18 || total
---------------------------+-------+-------+-------+-------+-------+-------++-------
  Melee: Trident           |   113 |   163 |   427 |   537 |       |       ||  1240
         Punch             |       |     2 |     2 |       |       |       ||     4
         Tailslap          |       |       |       |     8 |    10 |     2 ||    20
         Spear             |       |       |       |   676 |   302 |       ||   978
         Bo                |       |       |       |       |  1011 |   153 ||  1164
  Throw: Throwing net      |       |     4 |       |       |       |       ||     4
         Dart              |       |     3 |     3 |       |       |       ||     6
         Javelin           |       |     1 |     1 |       |       |       ||     2
   Cast: Hailstorm         |       |       |       |       |    80 |     5 ||    85
         Freezing Cloud    |       |       |       |       |     4 |     5 ||     9
         Ozocubu's Armour  |       |       |       |       |     2 |       ||     2
         Summon Ice Beast  |       |       |       |       |     1 |       ||     1
 Invoke: Ancestor Life: Kn |       |       |       |     1 |       |       ||     1
         Recall Ancestor   |       |       |       |     2 |     8 |       ||    10
         Idealise          |       |       |       |       |     1 |       ||     1
  Evoke: Wand              |       |       |       |     3 |    16 |     1 ||    20
         Tin of tremorston |       |       |       |       |     2 |       ||     2
    Use: Scroll            |     5 |     6 |     4 |    13 |    14 |     1 ||    43
         Potion            |       |     3 |     3 |     6 |    15 |     1 ||    28
   Stab: Sleeping          |     1 |     3 |       |     9 |     4 |       ||    17
         Distracted        |     1 |       |       |    10 |    15 |     2 ||    28
         Held in net/web   |       |     1 |       |       |       |       ||     1
         Invisible         |       |       |       |     7 |     3 |       ||    10
         Paralysed         |       |       |       |       |     6 |       ||     6
 Armour: Leather armour    |    37 |    27 |    71 |    54 |       |       ||   189
         Acid dragon scale |       |       |       |    21 |   167 |       ||   188
         Troll leather arm |       |       |       |       |    48 |    13 ||    61
         Skin              |       |       |       |       |     6 |       ||     6
  Dodge: Dodged            |    84 |    58 |   230 |   425 |   816 |    92 ||  1705
  Block: Buckler           |       |       |     9 |   203 |   308 |    29 ||   549

Table legend: (Time is in decaauts)
 A = Elapsed time spent in this place.
 B = Non-inter-level travel time spent in this place.
 C = Inter-level travel time spent in this place.
 D = Time resting spent in this place.
 E = Time spent auto-exploring this place.
 F = Levels seen in this place.
 G = Mean time per level.
                   A        B        C        D        E       F      G
               +--------+--------+--------+--------+--------+-----+--------+
         Total |  26419 |  24572 |   1847 |   5417 |  14001 |  27 |  978.5 |
       Dungeon |  16706 |  15619 |   1087 |   3517 |   8977 |  15 | 1113.7 |
        Temple |     40 |      1 |     39 |      0 |      0 |   1 |   40.0 |
          Lair |   6277 |   5602 |    675 |    891 |   3605 |   5 | 1255.4 |
         Swamp |    457 |    457 |      0 |    225 |     91 |   1 |  457.0 |
  Orcish Mines |   1672 |   1629 |     43 |    647 |    654 |   2 |  836.0 |
       Ossuary |    151 |    151 |      0 |      0 |     77 |   1 |  151.0 |
        Bailey |    743 |    743 |      0 |     63 |    458 |   1 |  743.0 |
      Gauntlet |    370 |    370 |      0 |     71 |    137 |   1 |  370.0 |
               +--------+--------+--------+--------+--------+-----+--------+

Top non-repeatable levels by time:
    D:12: 1877 daAuts
     D:8: 1825 daAuts
     D:5: 1471 daAuts
  Lair:2: 1408 daAuts
  Lair:5: 1340 daAuts
     D:9: 1326 daAuts
     D:4: 1254 daAuts
     D:7: 1242 daAuts
  Lair:3: 1237 daAuts
  Lair:4: 1232 daAuts
    D:14: 1232 daAuts
    D:10: 1216 daAuts
  Lair:1: 1059 daAuts
    D:11: 998 daAuts
     D:6: 989 daAuts
